| TOP OF THE 1ST |
|
Elizabethton Twins batting - Pitching for Seattle (APP) Mariners : LHP Ji-chol Lee
|
|
Pitching: LHP Ji-chol Lee
|
|
|
Batting: RHB David McDonald
|
0-0: Called Strike 0-1: Foul Ball, location: 2F 0-2: Ball 1-2: Ball 2-2: SINGLE (Groundball, 6MD, EV 105.6 MPH)
|
|
Batting: RHB Nestor Moreno
|
0-0: Ball 1-0: Ball 2-0: Called Strike 2-1: Ball David McDonald steals 2nd base 3-1: DOUBLE (Line Drive, 89M, EV 107.5 MPH) David McDonald scores
|
|
Batting: RHB Ryan Starks
|
0-0: Called Strike Nestor Moreno steals 3rd base 0-1: Ball 1-1: Ball 2-1: Ground out 4-3 (Groundball, 34, EV 83.1 MPH) Nestor Moreno scores
|
|
Batting: RHB Sergio Gomez
|
0-0: Ball 1-0: Ball 2-0: Foul Ball, location: 2F 2-1: Foul Ball, location: 2F 2-2: Reached on error, E6 (Groundball, 6, EV 106.2 MPH)
|
|
Batting: RHB Wil Patterson
|
0-0: Ball 1-0: Swinging Strike 1-1: Called Strike Sergio Gomez steals 3rd base 1-2: Reached on error, E1 (Groundball, 13S, EV 70.0 MPH) Sergio Gomez scores
|
|
Batting: RHB Antonio Santos
|
0-0: Grounds into double play, 6-4-3 (Groundball, 6, EV 97.5 MPH)
|
| Top of the 1st over - 3 runs, 2 hits, 2 errors, 0 left on base; Elizabethton 3 - Seattle (APP) 0 |
| BOTTOM OF THE 1ST |
|
Seattle (APP) Mariners batting - Pitching for Elizabethton Twins : RHP Olegário Salsinha
|
|
Pitching: RHP Olegário Salsinha
|
|
|
Batting: RHB Joaquin Salazar
|
0-0: Called Strike 0-1: Foul Ball, location: 2F 0-2: Strikes out looking
|
|
Batting: RHB Eddie Luna
|
0-0: Called Strike 0-1: Ball 1-1: Ball 2-1: Ball 3-1: Foul Ball, location: 2F 3-2: Foul Ball, location: 2F 3-2: Ground out U3 (Groundball, 34S, EV 70.6 MPH)
|
|
Batting: LHB William Gonzales
|
0-0: Called Strike 0-1: Foul Ball, location: 2F 0-2: Ball 1-2: Hit by Pitch
|
|
Batting: RHB Rich Griffith
|
0-0: Ball 1-0: Called Strike 1-1: Swinging Strike 1-2: Ball 2-2: Strikes out swinging
|
| Bottom of the 1st over - 0 runs, 0 hits, 0 errors, 1 left on base; Elizabethton 3 - Seattle (APP) 0 |
| TOP OF THE 2ND |
|
Elizabethton Twins batting - Pitching for Seattle (APP) Mariners : LHP Ji-chol Lee
|
|
Batting: RHB Ned Scovell
|
0-0: Fly out, F9 (Flyball, 9S, EV 80.0 MPH)
|
|
Batting: RHB Braydon Garland
|
0-0: Ball 1-0: Ball 2-0: Called Strike 2-1: Called Strike 2-2: Hit by Pitch
|
|
Batting: LHB Joey Zamora
|
0-0: Ball 1-0: Called Strike 1-1: Ball 2-1: Ball 3-1: Called Strike 3-2: Base on Balls Braydon Garland to second
|
|
Batting: RHB David McDonald
|
0-0: Ball 1-0: Ball 2-0: Ball 3-0: Called Strike 3-1: Swinging Strike 3-2: Foul Ball, location: 2F 3-2: Base on Balls Braydon Garland to third Joey Zamora to second
|
|
Batting: RHB Nestor Moreno
|
0-0: Ball 1-0: Foul Ball, location: 2F 1-1: Called Strike 1-2: Strikes out swinging
|
|
Batting: RHB Ryan Starks
|
0-0: Called Strike 0-1: DOUBLE (Line Drive, 7LS, EV 110.0 MPH) Braydon Garland scores Joey Zamora scores David McDonald to third Runner from 3rd tries for Home, throw by LF and OUT! 7-2
|
| Top of the 2nd over - 2 runs, 1 hit, 0 errors, 1 left on base; Elizabethton 5 - Seattle (APP) 0 |
| BOTTOM OF THE 2ND |
|
Seattle (APP) Mariners batting - Pitching for Elizabethton Twins : RHP Olegário Salsinha
|
|
Batting: RHB Ross Hallock
|
0-0: Swinging Strike 0-1: Ball 1-1: Swinging Strike 1-2: Foul Ball, location: 2F 1-2: Foul Ball, location: 2F 1-2: Ball 2-2: SINGLE (Groundball, 4D, EV 101.9 MPH)
|
|
Batting: SHB Carlos Luna
|
0-0: Ball 1-0: Ball Ross Hallock steals 2nd base 2-0: Ball 3-0: Base on Balls
|
|
Batting: LHB Garrett Dodge
|
0-0: Called Strike 0-1: Foul Ball, location: 2F 0-2: Ball 1-2: Foul Ball, location: 2F 1-2: Strikes out looking
|
|
Batting: RHB Ziven Badersky
|
0-0: Foul Ball, location: 2F 0-1: Swinging Strike Passed Ball! Ross Hallock to third Carlos Luna to second 0-2: Ground out 5-3 (Groundball, 5S, EV 83.8 MPH)
|
|
Batting: RHB Tristan Martin
|
0-0: Fly out, F9 (Flyball, 9, EV 86.9 MPH)
|
| Bottom of the 2nd over - 0 runs, 1 hit, 0 errors, 2 left on base; Elizabethton 5 - Seattle (APP) 0 |
| TOP OF THE 3RD |
|
Elizabethton Twins batting - Pitching for Seattle (APP) Mariners : LHP Ji-chol Lee
|
|
Batting: RHB Sergio Gomez
|
0-0: Hit by Pitch
|
|
Batting: RHB Wil Patterson
|
0-0: Ball 1-0: Ball Wild Pitch! Sergio Gomez to second 2-0: Foul Ball, location: 2F 2-1: Ball 3-1: Called Strike 3-2: Foul Ball, location: 2F 3-2: Base on Balls
|
|
Batting: RHB Antonio Santos
|
0-0: Grounds into double play, 6-4-3 (Groundball, 6M, EV 101.9 MPH) Sergio Gomez to third
|
|
Batting: RHB Ned Scovell
|
0-0: Fly out, F7 (Flyball, 78M, EV 75.6 MPH)
|
| Top of the 3rd over - 0 runs, 0 hits, 0 errors, 1 left on base; Elizabethton 5 - Seattle (APP) 0 |
| BOTTOM OF THE 3RD |
|
Seattle (APP) Mariners batting - Pitching for Elizabethton Twins : RHP Olegário Salsinha
|
|
Batting: RHB Joaquin Salazar
|
0-0: SOLO HOME RUN (Flyball, 89XD, EV 98.8 MPH), Distance : 403 ft
|
|
Batting: RHB Eddie Luna
|
0-0: Called Strike 0-1: Ball 1-1: Foul Ball, location: 2F 1-2: Foul Ball, location: 2F 1-2: Foul Ball, location: 2F 1-2: Ball 2-2: Ball 3-2: Base on Balls
|
|
Batting: LHB William Gonzales
|
0-0: Called Strike 0-1: Ball 1-1: Called Strike 1-2: Ball 2-2: Fly out, F8 (Flyball, 8LM, EV 91.2 MPH)
|
|
Batting: RHB Rich Griffith
|
0-0: Ball Eddie Luna steals 2nd base 1-0: Called Strike 1-1: Ball 2-1: Foul Ball, location: 2F 2-2: Ball 3-2: Strikes out swinging
|
|
Batting: RHB Ross Hallock
|
0-0: Ball 1-0: Ball 2-0: Called Strike 2-1: Foul Ball, location: 2F 2-2: Foul Ball, location: 2F 2-2: Ball 3-2: Foul Ball, location: 2F 3-2: Foul Ball, location: 2F 3-2: Base on Balls
|
|
Batting: SHB Carlos Luna
|
0-0: Fly out, F8 (Flyball, 78S, EV 75.0 MPH)
|
| Bottom of the 3rd over - 1 run, 1 hit, 0 errors, 2 left on base; Elizabethton 5 - Seattle (APP) 1 |
| TOP OF THE 4TH |
|
Elizabethton Twins batting - Pitching for Seattle (APP) Mariners : LHP Ji-chol Lee
|
|
Batting: RHB Braydon Garland
|
0-0: DOUBLE (Line Drive, 89D, EV 103.1 MPH)
|
|
Batting: LHB Joey Zamora
|
0-0: SINGLE (Groundball, 56D, EV 101.9 MPH) Braydon Garland to third
|
|
Batting: RHB David McDonald
|
0-0: Foul Ball, location: 2F 0-1: Ball 1-1: Foul Ball, location: 2F 1-2: Ball 2-2: Ball 3-2: Foul Ball, location: 2F 3-2: Fly out, F8 (Flyball, 8RXD, EV 101.9 MPH) Runner from 3rd tags up, SCORES, no throw by CF
|
|
Pitching: RHP Daniel Villalobos
|
|
|
Batting: RHB Nestor Moreno
|
0-0: Ball 1-0: Ball 2-0: Ball 3-0: Base on Balls Joey Zamora to second
|
|
Batting: RHB Ryan Starks
|
0-0: Ball 1-0: Fielders Choice at 2nd, 6-4 (Groundball, 6, EV 85.6 MPH) Joey Zamora to third
|
|
Batting: RHB Sergio Gomez
|
0-0: Called Strike 0-1: Swinging Strike 0-2: Ball 1-2: SINGLE (Line Drive, 8RS, EV 89.4 MPH) Joey Zamora scores Ryan Starks to second
|
|
Batting: RHB Wil Patterson
|
0-0: Ball Wild Pitch! Ryan Starks to third Sergio Gomez to second 1-0: Called Strike 1-1: Ball 2-1: Foul Ball, location: 2F 2-2: Ground out 4-3 (Groundball, 4, EV 86.2 MPH)
|
| Top of the 4th over - 2 runs, 3 hits, 0 errors, 2 left on base; Elizabethton 7 - Seattle (APP) 1 |
| BOTTOM OF THE 4TH |
|
Seattle (APP) Mariners batting - Pitching for Elizabethton Twins : RHP Olegário Salsinha
|
|
Batting: LHB Garrett Dodge
|
0-0: Ground out 1-3 (Groundball, 15S, EV 73.1 MPH)
|
|
Batting: RHB Ziven Badersky
|
0-0: Ball 1-0: Called Strike 1-1: Ball 2-1: Foul Ball, location: 2F 2-2: Ball 3-2: Base on Balls
|
|
Batting: RHB Tristan Martin
|
0-0: Called Strike 0-1: Called Strike 0-2: Strikes out looking
|
|
Batting: RHB Joaquin Salazar
|
0-0: Ball 1-0: Ball 2-0: Called Strike Ziven Badersky steals 2nd base 2-1: Ball 3-1: Base on Balls
|
|
Pitching: LHP Adam Devine
|
|
|
Batting: RHB Eddie Luna
|
0-0: Called Strike 0-1: Foul Ball, location: 2F 0-2: SINGLE (Groundball, 3D, EV 101.9 MPH) Ziven Badersky to third Joaquin Salazar to second Runner from 3rd tries for Home, SAFE, throw by RF to home
|
|
Batting: LHB William Gonzales
|
0-0: Swinging Strike 0-1: Foul Ball, location: 2F 0-2: Strikes out looking
|
| Bottom of the 4th over - 1 run, 1 hit, 0 errors, 2 left on base; Elizabethton 7 - Seattle (APP) 2 |
| TOP OF THE 5TH |
|
Elizabethton Twins batting - Pitching for Seattle (APP) Mariners : RHP Daniel Villalobos
|
|
Batting: RHB Antonio Santos
|
0-0: Swinging Strike 0-1: Called Strike 0-2: Ball 1-2: Ball 2-2: Foul Ball, location: 2F 2-2: Strikes out looking
|
|
Batting: RHB Ned Scovell
|
0-0: Ball 1-0: Ball 2-0: Ground out 6-3 (Groundball, 6, EV 85.0 MPH)
|
|
Batting: RHB Braydon Garland
|
0-0: Called Strike 0-1: Swinging Strike 0-2: Foul Ball, location: 2F 0-2: Ball 1-2: Ball 2-2: Ball 3-2: Strikes out swinging
|
| Top of the 5th over - 0 runs, 0 hits, 0 errors, 0 left on base; Elizabethton 7 - Seattle (APP) 2 |
| BOTTOM OF THE 5TH |
|
Seattle (APP) Mariners batting - Pitching for Elizabethton Twins : LHP Adam Devine
|
|
Batting: RHB Rich Griffith
|
0-0: Foul Ball, location: 2F 0-1: Ball 1-1: Ball 2-1: Foul Ball, location: 2F 2-2: Strikes out swinging
|
|
Batting: RHB Ross Hallock
|
0-0: Ball 1-0: Ground out 4-3 (Groundball, 4, EV 97.5 MPH)
|
|
Batting: SHB Carlos Luna
|
0-0: Called Strike 0-1: Swinging Strike 0-2: Strikes out swinging
|
| Bottom of the 5th over - 0 runs, 0 hits, 0 errors, 0 left on base; Elizabethton 7 - Seattle (APP) 2 |
| TOP OF THE 6TH |
|
Elizabethton Twins batting - Pitching for Seattle (APP) Mariners : RHP Daniel Villalobos
|
|
Batting: LHB Joey Zamora
|
0-0: Ball 1-0: Foul Ball, location: 2F 1-1: Foul Ball, location: 2F 1-2: Foul Ball, location: 2F 1-2: Ball 2-2: Ball 3-2: Strikes out swinging
|
|
Pitching: RHP Yen-nien Luo
|
|
|
Batting: RHB David McDonald
|
0-0: Foul Ball, location: 2F 0-1: Called Strike 0-2: Strikes out swinging
|
|
Batting: RHB Nestor Moreno
|
0-0: Swinging Strike 0-1: Called Strike 0-2: Strikes out looking
|
| Top of the 6th over - 0 runs, 0 hits, 0 errors, 0 left on base; Elizabethton 7 - Seattle (APP) 2 |
| BOTTOM OF THE 6TH |
|
Seattle (APP) Mariners batting - Pitching for Elizabethton Twins : LHP Adam Devine
|
|
Batting: LHB Garrett Dodge
|
0-0: Called Strike 0-1: Foul Ball, location: 2F 0-2: Ball 1-2: Strikes out swinging
|
|
Batting: RHB Ziven Badersky
|
0-0: Called Strike 0-1: Fly out, F7 (Line Drive, 7S, EV 93.1 MPH)
|
|
Batting: RHB Tristan Martin
|
0-0: Ball 1-0: Swinging Strike 1-1: Ball 2-1: Fly out, F9 (Flyball, 9D, EV 93.1 MPH)
|
| Bottom of the 6th over - 0 runs, 0 hits, 0 errors, 0 left on base; Elizabethton 7 - Seattle (APP) 2 |
| TOP OF THE 7TH |
|
Elizabethton Twins batting - Pitching for Seattle (APP) Mariners : RHP Yen-nien Luo
|
|
Batting: RHB Ryan Starks
|
0-0: Ball 1-0: Ground out 5-3 (Groundball, 56, EV 108.1 MPH)
|
|
Batting: RHB Sergio Gomez
|
0-0: Ball 1-0: Called Strike 1-1: Swinging Strike 1-2: Foul Ball, location: 2F 1-2: Ball 2-2: Ball 3-2: Foul Ball, location: 2F 3-2: Base on Balls
|
|
Batting: RHB Wil Patterson
|
0-0: Ball 1-0: Swinging Strike 1-1: Swinging Strike Sergio Gomez steals 2nd base 1-2: Ground out 6-3 (Groundball, 6M, EV 108.8 MPH) Sergio Gomez to third
|
|
Batting: RHB Antonio Santos
|
0-0: Foul Ball, location: 2F 0-1: Foul Ball, location: 2F 0-2: Ground out 3-1 (Groundball, 34S, EV 85.6 MPH)
|
| Top of the 7th over - 0 runs, 0 hits, 0 errors, 1 left on base; Elizabethton 7 - Seattle (APP) 2 |
| BOTTOM OF THE 7TH |
|
Seattle (APP) Mariners batting - Pitching for Elizabethton Twins : LHP Adam Devine
|
|
Batting: RHB Joaquin Salazar
|
0-0: Called Strike 0-1: Called Strike 0-2: Foul Ball, location: 2F 0-2: Ball 1-2: Strikes out looking
|
|
Batting: RHB Eddie Luna
|
0-0: Foul Ball, location: 2F 0-1: Ball 1-1: Foul Ball, location: 2F 1-2: Strikes out looking
|
|
Pitching: RHP Brian Waldrip
|
|
|
Batting: LHB William Gonzales
|
0-0: Called Strike 0-1: Ball 1-1: Ball 2-1: Foul Ball, location: 2F 2-2: Foul Ball, location: 2F 2-2: Foul Ball, location: 2F 2-2: Ball 3-2: SINGLE (Groundball, 34D, EV 103.8 MPH)
|
|
Batting: RHB Rich Griffith
|
0-0: Ball 1-0: Ball Wild Pitch! William Gonzales to second 2-0: Called Strike 2-1: Ball 3-1: Swinging Strike 3-2: SINGLE (Line Drive, 8LS, EV 106.2 MPH) William Gonzales to third
|
|
Batting: RHB Ross Hallock
|
0-0: Ball 1-0: 3-RUN HOME RUN (Flyball, 89XD, EV 105.6 MPH), Distance : 411 ft
|
|
Pitching: RHP Curtis Melchert
|
|
|
Batting: SHB Carlos Luna
|
0-0: Called Strike 0-1: Ball 1-1: Ball 2-1: Ball 3-1: Base on Balls
|
|
Pinch Hitting: LHB Yoshihisa Kobayashi
|
0-0: Ball 1-0: Ball 2-0: Called Strike 2-1: Foul Ball, location: 2F 2-2: Foul Ball, location: 2F 2-2: Strikes out swinging
|
| Bottom of the 7th over - 3 runs, 3 hits, 0 errors, 1 left on base; Elizabethton 7 - Seattle (APP) 5 |
| TOP OF THE 8TH |
|
Elizabethton Twins batting - Pitching for Seattle (APP) Mariners : RHP Yen-nien Luo
|
|
Now in RF: Steve Carmichael
|
|
|
Batting: RHB Ned Scovell
|
0-0: Foul Ball, location: 2F 0-1: Ground out 5-3 (Groundball, 56, EV 104.4 MPH)
|
|
Batting: RHB Braydon Garland
|
0-0: Foul Ball, location: 2F 0-1: Ball 1-1: Foul Ball, location: 2F 1-2: Ball 2-2: Strikes out swinging
|
|
Batting: LHB Joey Zamora
|
0-0: Called Strike 0-1: Ball 1-1: Ball 2-1: Ball 3-1: Foul Ball, location: 2F 3-2: Base on Balls
|
|
Pitching: RHP Paul Cahill
|
|
|
Batting: RHB David McDonald
|
0-0: Ball 1-0: Foul Ball, location: 2F 1-1: Foul Ball, location: 2F 1-2: SINGLE (Groundball, 6MD, EV 96.9 MPH) Joey Zamora to second
|
|
Batting: RHB Nestor Moreno
|
0-0: Swinging Strike 0-1: Swinging Strike 0-2: Ball 1-2: Ball 2-2: Strikes out swinging
|
| Top of the 8th over - 0 runs, 1 hit, 0 errors, 2 left on base; Elizabethton 7 - Seattle (APP) 5 |
| BOTTOM OF THE 8TH |
|
Seattle (APP) Mariners batting - Pitching for Elizabethton Twins : RHP Curtis Melchert
|
|
Pinch Hitting: SHB Frank Amato
|
0-0: Ball 1-0: Ball 2-0: Called Strike 2-1: Ball 3-1: Called Strike 3-2: Base on Balls
|
|
Pinch Hitting: RHB Carlton McDonald
|
0-0: Ball 1-0: Foul Ball, location: 2F 1-1: Foul Ball, location: 2F 1-2: Strikes out swinging
|
|
Batting: RHB Joaquin Salazar
|
0-0: Called Strike 0-1: Ball 1-1: Ball Wild Pitch! Frank Amato to second 2-1: Ball 3-1: Base on Balls
|
|
Batting: RHB Eddie Luna
|
0-0: Foul Ball, location: 2F 0-1: Fielders Choice at 2nd, 4-6 (Groundball, 4, EV 86.2 MPH) Frank Amato to third
|
|
Pitching: LHP Choji Tominaga
|
|
|
Batting: LHB William Gonzales
|
0-0: Fielders Choice at 2nd, 6-4 (Groundball, 6, EV 80.6 MPH)
|
| Bottom of the 8th over - 0 runs, 0 hits, 0 errors, 2 left on base; Elizabethton 7 - Seattle (APP) 5 |
| TOP OF THE 9TH |
|
Elizabethton Twins batting - Pitching for Seattle (APP) Mariners : RHP Paul Cahill
|
|
Now at 3B: Jwahir Pili
|
|
|
Now in LF: Prince Nunley
|
|
|
Batting: RHB Ryan Starks
|
0-0: Swinging Strike 0-1: Called Strike 0-2: Ball 1-2: Strikes out looking
|
|
Batting: RHB Sergio Gomez
|
0-0: Ball 1-0: Called Strike 1-1: Ball 2-1: Foul Ball, location: 2F 2-2: Foul Ball, location: 2F 2-2: Ball 3-2: Foul Ball, location: 2F 3-2: Single, Error in OF, E7, batter to second base (Line Drive, 56, EV 102.5 MPH)
|
|
Batting: RHB Wil Patterson
|
0-0: Swinging Strike 0-1: Called Strike 0-2: Foul Ball, location: 2F 0-2: Ball 1-2: Ball 2-2: Foul Ball, location: 2F 2-2: Ground out 5-3 (Groundball, 56, EV 98.8 MPH)
|
|
Batting: RHB Antonio Santos
|
0-0: Fly out, F8 (Flyball, 8RM, EV 86.9 MPH)
|
| Top of the 9th over - 0 runs, 1 hit, 1 error, 1 left on base; Elizabethton 7 - Seattle (APP) 5 |
| BOTTOM OF THE 9TH |
|
Seattle (APP) Mariners batting - Pitching for Elizabethton Twins : LHP Choji Tominaga
|
|
Pitching: RHP Ron Didkowsky
|
|
|
Batting: RHB Rich Griffith
|
0-0: Ball 1-0: Ball 2-0: Ball 3-0: Base on Balls
|
|
Batting: RHB Ross Hallock
|
0-0: Called Strike 0-1: Ball 1-1: Ball 2-1: Ball 3-1: Foul Ball, location: 2F 3-2: Foul Ball, location: 2F 3-2: Foul Ball, location: 2F 3-2: Fly out, F8 (Flyball, 8RXD, EV 98.8 MPH)
|
|
Batting: SHB Carlos Luna
|
0-0: SINGLE (Flyball, 89S, EV 92.5 MPH) Rich Griffith to second
|
|
Batting: RHB Steve Carmichael
|
0-0: Called Strike 0-1: Ball 1-1: Foul Ball, location: 2F 1-2: Foul Ball, location: 2F 1-2: Ball 2-2: Strikes out looking
|
|
Batting: RHB Jwahir Pili
|
0-0: Fly out, F8 (Line Drive, 78M, EV 89.4 MPH)
|
| Bottom of the 9th over - 0 runs, 1 hit, 0 errors, 2 left on base; Elizabethton 7 - Seattle (APP) 5 |
|